 Dungeon Crawl Stone Soup version 0.26.1-11-gd32895ea62 (webtiles) character file.

Game seed: 10677389150086466027

18851 ubername the Frost Mage (level 12, -18/124 HPs)
             Began as a Barachi Ice Elementalist on June 24, 2021.
             Was an Elder of Vehumet.
             Demolished by Agnes
             ... wielding a +4 vampiric lajatang
              (26 damage)
             ... on level 14 of the Dungeon.
             The game lasted 00:59:10 (20590 turns).

ubername the Frost Mage (Barachi Ice Elementalist) Turns: 20590, Time: 00:59:11

Health: -18/124    AC: 28    Str:  9    XL:     12   Next: 62%
Magic:  27/27      EV: 19    Int: 23    God:    Vehumet [****..]
Gold:   495        SH:  0    Dex: 14    Spells: 14/33 levels left

rFire    x . .     SeeInvis .   a - +2 whip (elec)
rCold    + . .     Faith    .   (no shield)
rNeg     . . .     Spirit   .   H - +1 steam dragon scales
rPois    +         Reflect  .   Q - +1 helmet {Int+3}
rElec    .         Harm     .   G - +2 cloak {rPois}
rCorr    .         Rampage  .   y - +0 pair of gloves
Will     .....                  R - +2 pair of boots
Stlth    ..........             K - amulet of regeneration
HPRegen  0.70/turn              i - +4 ring of evasion
MPRegen  0.20/turn              W - ring of ice

@: berserking (expiring), icy armour, very quick
A: +LOS, swims, claws 1, molten scales 1, slowness 1, MP-powered wands, strong
legs 1
a: Hop, Renounce Religion


You were on level 14 of the Dungeon.
You worshipped Vehumet.
Vehumet was greatly pleased with you.
You visited 2 branches of the dungeon, and saw 15 of its levels.

You collected 880 gold pieces.
You spent 385 gold pieces at shops.

Inventory:

Hand Weapons
 a - a +2 whip of electrocution (weapon)
 b - a +1 fustibalus
 f - a +1 dagger
 n - a +1 whip of holy wrath
 O - a +2 dagger of venom
Missiles
 d - 148 sling bullets
 A - 18 boomerangs
 M - 311 stones
 S - 7 poisoned darts
 T - 5 javelins
Armour
 y - a +0 pair of gloves (worn)
 G - a +2 cloak of poison resistance (worn)
 H - +1 steam dragon scales (worn)
 Q - a +1 helmet of intelligence (worn)
 R - a +2 pair of boots (worn)
Jewellery
 i - a +4 ring of evasion (left hand)
 j - an uncursed ring of protection from fire
 s - an uncursed ring of stealth
 u - an uncursed ring of flight
 v - an uncursed ring of protection from cold
 K - an amulet of regeneration (around neck)
 N - an uncursed ring of willpower
 W - a ring of ice (right hand)
Wands
 o - a wand of flame (10)
 p - a wand of polymorph (14)
 q - a wand of paralysis (6)
 r - a wand of iceblast (30)
 t - a wand of random effects (56)
 D - a wand of digging (4)
Scrolls
 e - 9 scrolls of remove curse
 h - 7 scrolls of identify
 k - 5 scrolls of amnesia
 m - 5 scrolls of fear
 w - 2 scrolls of blinking
 B - a scroll of holy word
 C - 4 scrolls of magic mapping
 I - a scroll of enchant weapon
 U - 2 scrolls of teleportation
Potions
 c - 2 potions of might
 g - 8 potions of curing
 x - 3 potions of invisibility
 z - a potion of resistance
 F - 4 potions of magic
 J - a potion of flight
 L - a potion of haste
 P - a potion of berserk rage
 V - a potion of heal wounds


   Skills:
 + Level 3.8 Fighting
 + Level 0.9 Short Blades
 + Level 3.7 Maces & Flails
 + Level 0.5(1.4) Slings
 + Level 2.0(2.1) Throwing
 + Level 5.7 Dodging
 + Level 4.2 Stealth
 + Level 11.2 Spellcasting
 * Level 6.1 Conjurations
 * Level 5.7 Hexes
 + Level 0.3 Transmutations
 + Level 0.5 Fire Magic
 + Level 13.4 Ice Magic
 + Level 0.5 Air Magic
 * Level 6.7 Earth Magic
 + Level 0.5 Poison Magic
 + Level 0.7 Evocations


You had 14 spell levels left.
You knew the following spells:

 Your Spells              Type           Power        Failure   Level
a - Freeze                Ice            100%         0%          1
b - Frozen Ramparts       Ice            100%         1%          3
c - Ozocubu's Armour      Ice            84%          1%          3
d - Sandblast             Erth           86%          1%          1
e - Tukima's Dance        Hex            39%          1%          3
f - Searing Ray           Conj           82%          1%          2
g - Ignite Poison         Fire/Tmut/Pois 15%          3%          3
h - Mephitic Cloud        Conj/Pois/Air  23%          1%          3

Your spell library contained the following spells:

 Spells                   Type           Power        Failure   Level
 Iskenderun's Battlesphe  Conj           41%          3%          5
 Corona                   Hex            43%          1%          1
 Magic Dart               Conj           100%         1%          1
 Ensorcelled Hibernation  Hex/Ice        100%         1%          2
 Passwall                 Tmut/Erth      24%          1%          2
 Slow                     Hex            39%          1%          2
 Confusing Touch          Hex            39%          1%          3
 Conjure Flame            Conj/Fire      28%          1%          3
 Dazzling Flash           Conj/Hex       80%          1%          3
 Stone Arrow              Conj/Erth      84%          1%          3
 Hailstorm                Conj/Ice       72%          1%          4
 Lee's Rapid Deconstruct  Erth           21%          2%          5
 Summon Ice Beast         Ice/Summ       60%          3%          4
 Sting                    Tmut/Pois      56%          4%          1
 Poisonous Vapours        Pois/Air       30%          6%          2
 Blink                    Tloc           N/A          8%          2
 Call Imp                 Summ           12%          8%          2
 Olgreb's Toxic Radiance  Pois           15%          11%         4
 Petrify                  Tmut/Erth      29%          12%         4


Dungeon Overview and Level Annotations

Branches:
Dungeon (14/15)            Temple (1/1) D:4            Lair (0/6) D:8
    Orc (0/2) D:12
 Vaults: D:13-14

Altars:
Ashenzari
Cheibriados
Dithmenos
Elyvilon
Fedhas
Gozag
Hepliaklqana
Kikubaaqudgha
Makhleb
Nemelex Xobeh
Okawaru
Qazlal
Ru
Sif Muna
Trog
Uskayaw
Vehumet
Wu Jian
Xom
Yredelemnul
Zin
The Shining One
Beogh

Shops:
D:7 }   D:9 [   D:10 :[

Annotations:
D:8 3 runed translucent doors, Ekaitz's ghost, novice DEEE; Zeld's ghost, novice OpTm; oc3rt's ghost, novice KoHu
D:11 2 runed translucent doors, Zeld's ghost, journeyman DrGl
D:14 Agnes


Innate Abilities, Weirdness & Mutations

You can be seen from farther away. (+LOS)
You can swim through water.
You cover ground slowly.
You can hop short distances.
You have sharp fingernails.
You are partially covered in molten scales. (AC +2)
You expend magic power (3 MP) to strengthen your wands.


Message History

Agnes is moderately wounded.
You are too berserk!
You are too berserk!
You miss Agnes.
Agnes is moderately wounded.
Agnes says, "You will find the Path of Peace easy to follow, in death."
Agnes closely misses you.
You completely miss Agnes.
Agnes is moderately wounded.
Agnes completely misses you.
You miss Agnes.
Agnes is moderately wounded.
Agnes asks, "Have you seen my kris anywhere?"
Agnes hits you with a +4 vampiric lajatang.
* * * LOW HITPOINT WARNING * * *
Agnes draws strength from your wounds!
You closely miss Agnes.
Agnes is moderately wounded.
Agnes hits you with a +4 vampiric lajatang!!
You die...

.. ##.##
##..(##
#.....##
...... ....
..#
#####i#####+##
+...<@.......#
#............#
#............#
#............#
####..##.##.##
#..# .# # ....
. .... .#
#..... #


You could see Agnes.

Vanquished Creatures
  Erolcha (D:13)
  2 boulder beetles (D:12)
  A two-headed ogre (D:8)
  Nergalle (D:11)
  Pikel (D:4)
  A deep elf mage (D:12)
  3 ugly things (D:13)
  3 cyclopes (D:13)
  A centaur zombie (D:7)
  A kobold demonologist (D:14)
  2 komodo dragons
  A rime drake (D:13)
  A freezing wraith (D:13)
  5 trolls
  2 polar bears (D:13)
  2 hornets
  3 slime creatures (D:12)
  A vampire (D:13)
  7 yaks
  4 wyverns
  Grum (D:11)
  2 steam dragons (D:8)
  Edmund (D:6)
  A soldier ant (D:13)
  2 water moccasins
  6 orc warriors
  6 phantoms
  2 ice beasts
  6 sky beasts
  An eye of draining (D:13)
  6 wolves
  4 ogres
  3 lemures (D:4)
  6 centaurs
  A big kobold (D:11)
  3 bullfrogs
  2 gnoll sergeants
  2 scorpions (D:6)
  10 killer bees
  5 hounds
  2 jellies
  11 orc wizards
  11 orc priests
  A bullfrog skeleton (D:11)
  Ijyb (D:3)
  7 iguanas
  11 worker ants
  A killer bee zombie (D:7)
  A hound skeleton (D:7)
  8 gnolls
  17 adders
  2 shadow imps (D:5)
  4 white imps
  An adder skeleton (D:4)
  4 worms
  A dart slug (D:4)
  A leopard gecko (D:3)
  55 orcs
  4 ball pythons
  8 bats
  4 giant cockroaches
  5 goblins
  6 hobgoblins
  14 jackals
  2 quokkas
  8 frilled lizards
  A giant cockroach zombie (D:6)
  9 kobolds
  A quokka zombie (D:5)
  3 rats
317 creatures vanquished.

Vanquished Creatures (others)
  A dancing weapon (D:11)
  A wyvern (D:8)
  4 withered plants (D:8)
6 creatures vanquished.

Grand Total: 323 creatures vanquished

Notes
Turn   | Place    | Note
-------+----------+-------------------------------------------
     0 | D:1      | ubername the Barachi Ice Elementalist began the quest for
                  | the Orb.
     0 | D:1      | Reached XP level 1. HP: 13/13 MP: 3/3
    39 | D:1      | Reached skill level 5 in Ice Magic
   269 | D:1      | You fall into a shaft and drop 1 floor!
   330 | D:2      | Reached XP level 2. HP: 19/19 MP: 1/5
  1319 | D:2      | Reached XP level 3. HP: 9/24 MP: 2/6
  1611 | D:2      | Found a shimmering altar of Xom.
  1817 | D:2      | Reached XP level 4. HP: 25/30 MP: 5/8
  2255 | D:2      | Found an iron altar of Okawaru.
  2256 | D:2      | Found a basalt altar of Yredelemnul.
  2326 | D:2      | Reached skill level 6 in Ice Magic
  2677 | D:2      | Learned a level 3 spell: Frozen Ramparts
  2681 | D:2      | Learned a level 3 spell: Ozocubu's Armour
  2752 | D:3      | Reached XP level 5. HP: 13/35 MP: 1/10
  3067 | D:3      | Noticed Ijyb
  3074 | D:3      | Killed Ijyb
  3363 | D:3      | Found a shimmering blue altar of Sif Muna.
  3658 | D:3      | Reached skill level 1 in Fighting
  4221 | D:4      | Reached XP level 6. HP: 39/43 MP: 5/12
  4723 | D:4      | Noticed Pikel
  4735 | D:4      | Killed Pikel
  4736 | D:4      | Reached skill level 1 in Throwing
  4736 | D:4      | Reached skill level 5 in Spellcasting
  4736 | D:4      | Reached skill level 8 in Ice Magic
  4736 | D:4      | Reached XP level 7. HP: 31/49 MP: 4/15
  5461 | D:4      | Found a staircase to the Ecumenical Temple.
  5467 | Temple   | Entered the Ecumenical Temple
  5622 | D:5      | Entered Level 5 of the Dungeon
  6098 | D:5      | Found a shadowy altar of Dithmenos.
  6107 | D:5      | Found a radiant altar of Vehumet.
  6111 | D:5      | Became a worshipper of Vehumet
  6147 | D:5      | Found a stormy altar of Qazlal.
  6150 | D:5      | Noticed a fire elemental
  6150 | D:5      | Noticed a water elemental
  6151 | D:5      | Noticed an air elemental
  6170 | D:5      | Found a white marble altar of Elyvilon.
  6175 | D:5      | Reached XP level 8. HP: 53/56 MP: 11/16
  7169 | D:5      | Found a hazy altar of Hepliaklqana.
  7688 | D:6      | Reached skill level 1 in Maces & Flails
  7688 | D:6      | Reached skill level 9 in Ice Magic
  7762 | D:6      | Noticed Edmund
  7770 | D:6      | Killed Edmund
  7988 | D:6      | Gained mutation: You are partially covered in molten
                  | scales. (AC +2) [potion of mutation]
  7988 | D:6      | Gained mutation: You evolve. [potion of mutation]
  8127 | D:6      | Found a white marble altar of Elyvilon.
  8181 | D:6      | Reached XP level 9. HP: 62/62 MP: 14/19
  9015 | D:6      | Reached * piety under Vehumet
  9015 | D:6      | Offered knowledge of Sandblast by Vehumet.
  9661 | D:7      | Found Efuaq's Gadget Shoppe.
  9661 | D:7      | Noticed a hornet
  9668 | D:7      | Paralysed by a hornet for 2 turns
  9670 | D:7      | Killed a hornet
  9671 | D:7      | Reached skill level 10 in Ice Magic
  9749 | D:7      | Gained mutation: You are frail. (-10% HP) [evolution]
  9852 | D:7      | Learned a level 1 spell: Sandblast
 10138 | D:7      | Learned a level 3 spell: Tukima's Dance
 10359 | D:7      | Reached skill level 1 in Earth Magic
 10582 | D:7      | Noticed a +0 hand axe
 10583 | D:7      | Found a hide-covered altar of Uskayaw.
 10583 | D:7      | Noticed a +0 dagger
 10842 | D:7      | Found a bloodstained altar of Trog.
 10844 | D:7      | Found an ornate altar of the Wu Jian Council.
 11188 | D:8      | Reached XP level 10. HP: 19/62 MP: 16/22
 11461 | D:8      | Lost mutation: You are frail. (-10% HP) [evolution]
 11866 | D:8      | Noticed a two-headed ogre
 11883 | D:8      | Killed a two-headed ogre
 12337 | D:8      | Found a snail-covered altar of Cheibriados.
 12491 | D:8      | Found an iron altar of Okawaru.
 12598 | D:8      | Found a runed translucent gate.
 12598 | D:8      | Found a runed translucent gate.
 12598 | D:8      | Found a runed translucent gate.
 12602 | D:8      | Noticed Ekaitz's ghost (novice DEEE)
 12602 | D:8      | Noticed oc3rt's ghost (novice KoHu)
 12603 | D:8      | Noticed Zeld's ghost (novice OpTm)
 12930 | D:8      | Reached skill level 11 in Ice Magic
 12991 | D:8      | Reached ** piety under Vehumet
 12991 | D:8      | Offered knowledge of Searing Ray by Vehumet.
 12998 | D:8      | Learned a level 2 spell: Searing Ray
 13081 | D:8      | Reached skill level 1 in Hexes
 13246 | D:8      | Found a staircase to the Lair.
 13555 | D:9      | Reached skill level 1 in Conjurations
 13563 | D:9      | Reached skill level 5 in Dodging
 14185 | D:8      | Gained mutation: You expend magic power (3 MP) to
                  | strengthen your wands. [evolution]
 14881 | D:9      | Found a runed translucent door.
 15030 | D:9      | Reached XP level 11. HP: 76/76 MP: 20/24
 15169 | D:9      | Found a roughly hewn altar of Beogh.
 15354 | D:9      | Found Aluatuoz's Armour Shop.
 15358 | D:9      | Bought a +1 helmet of intelligence for 198 gold pieces
 15570 | D:10     | Entered Level 10 of the Dungeon
 15828 | D:10     | Reached skill level 12 in Ice Magic
 15876 | D:10     | Offered knowledge of Ignite Poison by Vehumet.
 15879 | D:10     | Reached skill level 10 in Spellcasting
 16203 | D:10     | Found Vekhim's Antique Armour Emporium.
 16207 | D:10     | Bought an embroidered cloak for 187 gold pieces
 16224 | D:10     | Found Mucir's Book Boutique.
 16307 | D:11     | Reached *** piety under Vehumet
 16594 | D:11     | Found a runed translucent door.
 16659 | D:11     | Noticed Grum
 16673 | D:11     | Killed Grum
 16694 | D:11     | Noticed a manticore
 16694 | D:11     | Noticed a catoblepas
 16694 | D:11     | Noticed a necromancer
 16694 | D:11     | Noticed a lich
 16695 | D:11     | Found a runed translucent door.
 16695 | D:11     | Noticed a deep troll
 16695 | D:11     | Noticed a skeletal warrior
 16696 | D:11     | Noticed a skeletal warrior
 16701 | D:11     | Noticed Zeld's ghost (journeyman DrGl)
 16718 | D:11     | Noticed a skeletal warrior
 17158 | D:11     | Noticed Nergalle
 17165 | D:11     | Gained mutation: You have sharp fingernails. [evolution]
 17179 | D:11     | Killed Nergalle
 17758 | D:12     | Noticed a boulder beetle
 17763 | D:12     | Learned a level 3 spell: Ignite Poison
 17767 | D:12     | Learned a level 3 spell: Mephitic Cloud
 17772 | D:12     | Noticed a deep elf mage
 17775 | D:12     | Killed a boulder beetle
 17775 | D:12     | Offered knowledge of Fulminant Prism by Vehumet.
 17776 | D:12     | Reached skill level 5 in Earth Magic
 17797 | D:12     | Killed a deep elf mage
 17938 | D:12     | Found a staircase to the Orcish Mines.
 18270 | D:12     | Reached skill level 5 in Conjurations
 18286 | D:12     | Reached **** piety under Vehumet
 18364 | D:12     | Noticed a boulder beetle
 18373 | D:12     | Offered knowledge of Iskenderun's Battlesphere by Vehumet.
 18379 | D:12     | Killed a boulder beetle
 18380 | D:12     | Reached XP level 12. HP: 37/83 MP: 19/26
 19053 | D:13     | Reached skill level 13 in Ice Magic
 19185 | D:13     | Reached skill level 5 in Hexes
 19353 | D:13     | Noticed Erolcha
 19361 | D:13     | Killed Erolcha
 20313 | D:13     | Lost mutation: You evolve. [evolution]
 20568 | D:14     | Noticed Agnes
 20590 | D:14     | Demolished by Agnes

Illustrated notes

Levels and vault maps discovered:
D:1:      minmay_arrival_jagged, layout_loops_ring, minmay_shallow_snake_nest
D:2:      layout_loops_ring, gammafunk_temple_overflow_statue,
          old_standard_altar
D:3:      layout_loops_cross, nicolae_overflow_crystal_walls, chequers_avenue,
          uniq_ijyb
D:4:      layout_loops_ring, minmay_temple_entry_enclosed_plants, uniq_pikel
D:5:      layout_layer_cave, marbit_many_paths, amethyst_overflow_temple_binary,
          nicolae_qazlal_style_of_elements, basic_altar, kennysheep_small_square
D:6:      layout_basic, lemuel_crystal_altar, uniq_edmund
D:7:      layout_loops_ring, dancing_weapons_uskayaw,
          nicolae_overflow_hidden_temple, serial_shops, shop
D:8:      layout_loops_corners, lemuel_doored_altar, erik_lair_dragon,
          gammafunk_ghost_cemetery, basic_altar, skrybe_limestone_x
D:9:      layout_irregular_city, serial_glass, glass_columns_c, glass_columns_a,
          serial_shops, shop, chequers_serial_rivers_micro_e,
          lightli_church_of_beogh
D:10:     gammafunk_indiana_jones, layout_basic, serial_shops,
          nicolae_shop_behind_doors, shop
D:11:     layout_layer_cave, muffindrake_ghost_dual_entry, uniq_nergalle,
          uniq_grum
D:12:     layout_stronghold, david_orc_3
D:13:     layout_loops_corners, portal_ice_cave_entry_animals_and_master,
          minmay_microvault, uniq_erolcha
D:14:     layout_gridville, grunt_vaults_entry_tiered, grunt_decor_mini_mirrors,
          hex_medium, uniq_agnes
Temple:   kb_temple_of_zot

Skill      XL: |  1  2  3  4  5  6  7  8  9 10 11 12 |
---------------+-------------------------------------+-----
Ice Magic      | 5 6 8 9 10 11 12 13 | 13.4
Spellcasting   | 3 4 5 7 8 9 10 11 | 11.2
Stealth        | 2 3 4 |  4.2
Fighting       | 1 2 3 |  3.8
Throwing       | 1 2 |  2.0
Dodging        | 3 4 5 |  5.7
Maces & Flails | 1 2 3 |  3.7
Earth Magic    | 1 4 5 6 |  6.7
Hexes          | 2 4 5 |  5.7
Conjurations   | 2 5 6 |  6.1
Short Blades   | |  0.9
Slings         | |  0.5
Transmutations | |  0.3
Fire Magic     | |  0.5
Air Magic      | |  0.5
Poison Magic   | |  0.5
Evocations     | |  0.7

Action                   |  1- 3 |  4- 6 |  7- 9 | 10-12 || total
-------------------------+-------+-------+-------+-------++-------
Melee: Unarmed           |     5 |       |       |     4 ||     9
       Dagger            |    12 |     9 |    59 |       ||    80
       Whip              |       |       |   140 |   170 ||   310
 Fire: Fustibalus        |       |       |       |    13 ||    13
Throw: Stone             |    12 |    33 |    21 |     1 ||    67
 Cast: Freeze            |    40 |    30 |     9 |     9 ||    88
       Frozen Ramparts   |       |    21 |    59 |    94 ||   174
       Ozocubu's Armour  |       |     7 |    25 |    53 ||    85
       Sandblast         |       |       |    11 |     1 ||    12
       Tukima's Dance    |       |       |       |     3 ||     3
       Mephitic Cloud    |       |       |       |     7 ||     7
       Ignite Poison     |       |       |       |     7 ||     7
       Searing Ray       |       |       |       |    10 ||    10
 Abil: Hop               |       |     1 |     1 |       ||     2
Evoke: Wand              |       |       |     8 |     1 ||     9
  Use: Scroll            |     4 |     5 |     1 |    10 ||    20
       Potion            |     3 |     3 |     4 |     7 ||    17
Armor: Robe              |     6 |    12 |    66 |     6 ||    90
       Steam dragon scal |       |       |       |   142 ||   142
Dodge: Dodged            |    34 |    52 |   208 |   350 ||   644
